 Dungeon Crawl Stone Soup version 0.28-a0-474-g535839065c (webtiles) character file.

Game seed: 2528831162318380339

1888 spiderkeys the Sneak (level 9, 0/62 HPs)
             Began as an Octopode Abyssal Knight on Sept 15, 2021.
             Was a Priest of Lugonu.
             Slain by a killer bee (9 damage)
             ... on level 7 of the Dungeon.
             The game lasted 00:13:53 (9294 turns).

spiderkeys the Sneak (Octopode Abyssal Knight)      Turns: 9294, Time: 00:13:53

Health: 0/62       AC:  1    Str: 15    XL:     9   Next: 15%
Magic:  13/13      EV: 14    Int: 14    God:    Lugonu [***...]
Gold:   1384       SH:  0    Dex: 11    Spells: 8/8 levels left

rFire   . . .      SeeInvis .   a - +2 spear
rCold   . . .      Faith    +   (no shield)
rNeg    . . .      Spirit   .   (helmet restricted)
rPois   .          Reflect  .   T - amulet of faith {!P}
rElec   .          Harm     .   (no ring)
rCorr   .          Rampage  .   (no ring)
Will    .....                   (no ring)
Stlth   ++++......              (no ring)
HPRegen 0.20/turn               (no ring)
MPRegen 0.13/turn               (no ring)
                                (no ring)
                                (no ring)

@: lethally poisoned (0 -> -4)
A: almost no armour, amphibious, 8 rings, camouflage 1, gelatinous body 1,
(nimble swimmer 1), tentacles
a: Renounce Religion, Depart the Abyss, Bend Space, Banish


You were on level 7 of the Dungeon.
You worshipped Lugonu.
Lugonu was most pleased with you.
You visited 1 branch of the dungeon, and saw 7 of its levels.
You visited the Abyss 1 time.

You collected 1384 gold pieces.


Innate Abilities, Weirdness & Mutations

You cannot wear most types of armour.
You are amphibious.
You can wear up to eight rings at the same time.
Your skin changes colour to match your surroundings (Stealth+).
Your rubbery body absorbs attacks. (AC +1, EV +1)
((You are camouflaged near water. (Stealth+)))
You have tentacles for arms and can constrict up to eight enemies at once.


   Skills:
 + Level 6.0 Fighting
 + Level 5.4 Polearms
 + Level 5.6 Dodging
 + Level 7.2 Stealth
 + Level 6.0 Invocations


You had 8 spell levels left.
You didn't know any spells.
Your spell library contained the following spells:

 Spells                   Type           Power      Damage    Failure   Level
 Foxfire                  Conj/Fire      0%         2x1d4     28%         1
 Shock                    Conj/Air       0%         1d3       28%         1
 Call Canine Familiar     Summ           0%         N/A       65%         3
 Conjure Flame            Conj/Fire      0%         6-21      65%         3
 Inner Flame              Hex/Fire       0%         N/A       65%         3
 Portal Projectile        Hex/Tloc       0%         N/A       65%         3
 Swiftness                Air            0%         N/A       65%         3
 Airstrike                Air            0%         N/A       96%         4
 Flame Wave               Conj/Fire      0%         3d3       96%         4
 Leda's Liquefaction      Hex/Erth       0%         N/A       96%         4

Inventory:

Hand Weapons
 a - a +2 spear (weapon)
 b - a +1 hand crossbow of freezing
   (You took it off a kobold brigand on level 7 of the Dungeon)
Missiles
 g - 116 stones
 j - 3 poisoned darts
 m - 118 arrows
 p - 46 bolts
 r - 12 javelins
 v - 13 sling bullets
Magical Staves
 h - a staff of poison {!a}
   (You found it on level 1 of the Dungeon)
Jewellery
 T - an amulet of faith (around mantle) {!P}
   (You found it on level 3 of the Abyss)
Wands
 c - a wand of polymorph (9)
   (You found it on level 3 of the Abyss)
 e - a wand of charming (1)
   (You took it off Ijyb on level 3 of the Dungeon)
 l - a wand of flame (11)
   (You found it on level 2 of the Dungeon)
 u - a wand of acid (5)
   (You found it on level 7 of the Dungeon)
Scrolls
 d - 2 scrolls of amnesia
 f - 3 scrolls of magic mapping {!r}
 k - 4 scrolls of teleportation {@r4}
 q - a scroll of torment {!r}
 t - 3 scrolls of enchant armour
 w - 2 scrolls of noise {!r}
Potions
 i - 2 potions of haste {@q3}
 n - a potion of flight
 o - a potion of attraction {unknown}
 s - 5 potions of curing {@q1}

Dungeon Overview and Level Annotations

Branches:
Dungeon (7/15)             Temple (0/1) D:4

Altars:

# #......# #.###.####.##
## #.....# #..###.
####..#####.....
#.......######.
.#########.#####........
...yy.yy##.# ####.....
#y##.# ##..... #@##.#
#...... #..#.# ###......
######...# #........
.........#####..[.....
########.......##.....
###............
#........#...
#........#### #........#


You could see 3 killer bees.


Message History

You feel sick.
You feel sick.
You feel sick.
You are no longer poisoned.
Key pressed, stopping explore.
Key pressed, stopping explore.
Key pressed, stopping explore.
Key pressed, stopping explore.
p - 52 bolts (gained 1) Key pressed, stopping explore.
g - 116 stones (gained 12) 4 killer bees come into view. 😎 HP[+37]
Your hp is fully restored (62).
Your +1 hand crossbow of freezing is covered in frost.
b - a +1 hand crossbow of freezing (weapon)
You shoot a bolt.
The bolt hits the killer bee but does no damage.
The killer bee buzzes angrily. x3; You hear an angry buzzing noise.
A killer bee comes into view. x2
The killer bee moves out of view. x2
You hear an angry buzzing noise.
You shoot a bolt. The bolt closely misses the killer bee.
The killer bee misses you.
You shoot a bolt. The bolt barely misses the killer bee.
The killer bee buzzes angrily.
The killer bee stings you. The killer bee barely misses you.
The killer bee stings you! The killer bee stings you. 😮 HP[-19]
You take 19 damage, and now have 43/62 hp.
MASSIVE DAMAGE!! (PAUSE) 😮 HP[+1]
You are too injured to fight recklessly!
You are too injured to fight recklessly!
Fire: 49 bolts
Press: ? - help, Q - select action, (/) - cycle Shift-Dir - straight line, f/p - killer bee
Aim: a killer bee (36% to hit)
You shoot a bolt. The bolt hits the killer bee!
The bolt freezes the killer bee.
You kill the killer bee!
Lugonu accepts your kill. The killer bee closely misses you.
The killer bee stings you.
Your Fighting skill increases to level 6! 😮 HP[-5]
You take 5 damage, and now have 39/62 hp.
Fire: 48 bolts
Press: ? - help, Q - select action, (/) - cycle Shift-Dir - straight line, f - killer bee
Aim: a killer bee (38% to hit)
You shoot a bolt.
The bolt closely misses the killer bee. x2
The killer bee stings you. The killer bee closely misses you.
The killer bee stings you. 😮 HP[-4]
You take 4 damage, and now have 35/62 hp.
Fire: 47 bolts
Press: ? - help, Q - select action, (/) - cycle Shift-Dir - straight line, f/p - killer bee
Aim: a killer bee (38% to hit)
You shoot a bolt.
The bolt hits the killer bee but does no damage.
The killer bee stings you!
* * * LOW HITPOINT WARNING * * *
The killer bee stings you.
* * * LOW HITPOINT WARNING * * *
The killer bee barely misses you. 😨 HP[-13]
You take 13 damage, and now have 22/62 hp.
MASSIVE DAMAGE!! (PAUSE)
Your +1 hand crossbow of freezing stops glowing.
a - a +2 spear (weapon)
The killer bee stings you but does no damage. 😨 HP[+1]
You barely miss the killer bee. Your grab misses the killer bee.
The killer bee misses you.
You miss the killer bee. Your grab misses the killer bee.
The killer bee misses you. x2
You closely miss the killer bee. Your grab misses the killer bee.
The killer bee stings you.
* * * LOW HITPOINT WARNING * * *
You are poisoned.
The killer bee poisons you! The killer bee stings you.
* * * LOW HITPOINT WARNING * * *
😱 HP[-8]
You take 8 damage, and now have 15/62 hp.
You miss the killer bee. You grab the killer bee. You squeeze the killer bee.
You constrict the killer bee, but do no damage.
You feel sick.
The killer bee barely misses you. 😱 HP[-2]
You take 2 damage, and now have 13/62 hp.
You hit the killer bee. You constrict the killer bee.
You feel sick.
The killer bee barely misses you. x2 😱 HP[-2]
You take 2 damage, and now have 11/62 hp.
You hit the killer bee. You constrict the killer bee.
You feel sick.
The killer bee closely misses you. 😱 HP[-1]
You take 1 damage, and now have 10/62 hp.
You hit the killer bee. You constrict the killer bee.
You kill the killer bee!
Lugonu accepts your kill.
You feel sick. The killer bee stings you!
You die...

Skill      XL: |  1  2  3  4  5  6  7  8  9 |
---------------+----------------------------+-----
Stealth        | 1 2 3 4 5 7 |  7.2
Dodging        | 3 4 5 |  5.6
Invocations    | 3 4 5 6 |  6.0
Polearms       | 3 4 5 |  5.4
Fighting       | 4 5 6 |  6.0

Action                   |  1- 3 |  4- 6 |  7- 9 || total
-------------------------+-------+-------+-------++-------
Melee: Spear             |    89 |   120 |   182 ||   391
       Constrict         |    14 |    23 |    25 ||    62
       Tentacles         |     9 |    18 |    37 ||    64
 Fire: Hand crossbow     |       |       |     8 ||     8
Throw: Dart              |       |       |    13 ||    13
       Javelin           |       |       |     1 ||     1
Invok: Depart the Abyss  |     1 |       |       ||     1
       Bend Space        |       |       |     8 ||     8
Evoke: Wand              |       |     6 |    11 ||    17
  Use: Scroll            |     7 |     3 |     1 ||    11
       Potion            |     1 |     3 |     2 ||     6
 Stab: Sleeping          |    10 |    11 |    10 ||    31
Armor: Skin              |     6 |    11 |     9 ||    26
Dodge: Dodged            |    42 |    42 |   117 ||   201

Levels and vault maps discovered:
D:1:      sevenhm_arrival_forest_fort_small_1, layout_basic
D:2:      layout_rooms, basic_altar, minmay_tromino_mix6, uniq_sigmund
D:3:      layout_loops_ring, serial_forest, infiniplex_forest_lined_3_way,
          infiniplex_forest_lined_corner, infiniplex_forest_clump_long,
          infiniplex_forest_lined_2, infiniplex_forest_lined_3_way,
          infiniplex_forest_fountain, infiniplex_forest_end_1,
          corexii_corridor_pit, uniq_ijyb
D:4:      layout_loops_cross, minmay_temple_entry_overgrown
D:5:      layout_loops_ring, uniq_edmund
D:6:      kennysheep_spiral_hall, layout_basic
D:7:      layout_rooms

Notes
Turn   | Place    | Note
-------+----------+-------------------------------------------
     0 | Abyss:1  | spiderkeys the Octopode Abyssal Knight began the quest for
                  | the Orb.
     0 | Abyss:1  | Reached XP level 1. HP: 16/16 MP: 2/2
     0 | Abyss:1  | magus.rc [v1.9.10]
    48 | Abyss:3  | Found a corrupted altar of Lugonu.
   124 | Abyss:3  | Noticed a spatial vortex
   128 | Abyss:3  | Noticed a cyan very ugly thing
   136 | D:1      | You pass through the gate.
   136 | D:1      | Escaped the Abyss
   137 | D:1      | Identified a scroll of acquirement
   137 | D:1      | Acquired 1050 gold pieces
   296 | D:1      | Reached * piety under Lugonu
   297 | D:1      | Reached XP level 2. HP: 14/21 MP: 3/3
   398 | D:1      | You pick up a book of Flames and begin reading...
   398 | D:1      | You add the spells Foxfire, Conjure Flame, Inner Flame and
                  | Flame Wave to your library.
   424 | D:1      | Reached skill level 1 in Stealth
   966 | D:1      | Reached XP level 3. HP: 22/26 MP: 4/4
  1528 | D:2      | Reached skill level 2 in Stealth
  1570 | D:2      | Reached XP level 4. HP: 13/31 MP: 5/5
  1573 | D:2      | Reached ** piety under Lugonu
  1581 | D:2      | HP: 7/31 [gnoll (5)]
  1970 | D:3      | Reached skill level 3 in Dodging
  2340 | D:3      | Reached XP level 5. HP: 30/36 MP: 7/7
  2355 | D:3      | Noticed Ijyb
  2371 | D:3      | HP: 7/36 [Ijyb (4)]
  2392 | D:3      | Killed Ijyb
  2393 | D:3      | Reached skill level 3 in Invocations
  2718 | D:3      | Reached skill level 3 in Stealth
  2968 | D:3      | Reached skill level 3 in Polearms
  3449 | D:4      | HP: 9/37 [orc (9)]
  3720 | D:4      | Reached *** piety under Lugonu
  3721 | D:4      | Reached skill level 4 in Fighting
  3721 | D:4      | Reached XP level 6. HP: 23/43 MP: 8/8
  4108 | D:4      | Found a staircase to the Ecumenical Temple.
  4470 | D:4      | Noticed a sky beast
  4470 | D:4      | an ogre changed into a sky beast
  4475 | D:4      | Killed a sky beast
  4476 | D:4      | Reached skill level 4 in Stealth
  4476 | D:4      | Reached XP level 7. HP: 15/49 MP: 9/9
  4870 | D:4      | Reached skill level 4 in Invocations
  4930 | D:4      | Reached skill level 4 in Dodging
  5068 | D:5      | Entered Level 5 of the Dungeon
  5076 | D:5      | You pick up a book of the Hunter and begin reading...
  5076 | D:5      | You add the spells Call Canine Familiar, Portal Projectile
                  | and Leda's Liquefaction to your library.
  5146 | D:5      | magus.rc [v1.9.10]
  5345 | D:5      | Reached skill level 4 in Polearms
  5520 | D:5      | Noticed Edmund
  5528 | D:5      | HP: 9/49 [Edmund (12)]
  5529 | D:5      | HP: 1/49 [poisoned by Edmund]
  5539 | D:5      | Killed Edmund
  5540 | D:5      | Reached skill level 5 in Stealth
  5993 | D:5      | HP: 12/49 [poisoned by an adder]
  6322 | D:5      | Reached XP level 8. HP: 40/54 MP: 11/11
  6417 | D:5      | You pick up a book of Air and begin reading...
  6417 | D:5      | You add the spells Shock, Swiftness and Airstrike to your
                  | library.
  6622 | D:6      | Reached skill level 5 in Fighting
  6927 | D:6      | Reached skill level 5 in Invocations
  7352 | D:6      | HP: 13/55 [something (6)]
  7353 | D:6      | HP: 6/55 [something (5)]
  7355 | D:6      | Reached skill level 6 in Stealth
  7808 | D:6      | Reached skill level 5 in Dodging
  8200 | D:6      | Reached skill level 5 in Polearms
  8704 | D:7      | Reached skill level 7 in Stealth
  8704 | D:7      | Reached XP level 9. HP: 44/62 MP: 13/13
  9011 | D:7      | Reached skill level 6 in Invocations
  9285 | D:7      | Reached skill level 6 in Fighting
  9290 | D:7      | HP: 15/62 [killer bee (5)]
  9294 | D:7      | Slain by a killer bee

Vanquished Creatures
  Edmund (D:5)
  A water moccasin (D:6)
  3 sky beasts
  3 ogres
  A necrophage (D:7)
  3 centaurs
  A kobold brigand (D:7)
  3 scorpions
  A water moccasin zombie (D:6)
  A water moccasin skeleton (D:6)
  2 killer bees (D:7)
  A bullfrog zombie (D:6)
  A bullfrog skeleton (D:6)
  2 hounds (D:6)
  2 jellies
  An orc priest (D:3)
  Ijyb (D:3)
  A howler monkey zombie (D:6)
  A gnoll (D:2)
  9 adders
  A howler monkey skeleton (D:6)
  A white imp (D:5)
  3 ufetubi
  A worm (D:2)
  10 orcs
  7 ball pythons
  10 endoplasms
  A giant cockroach (D:2)
  6 goblins
  11 hobgoblins
  12 kobolds
  2 quokkas
  2 bats (D:1)
  4 frilled lizards
  8 rats
  A lurking horror (Abyss:2)
119 creatures vanquished.

Vanquished Creatures (others)
  3 plants (D:4)
3 creatures vanquished.

Grand Total: 122 creatures vanquished

Table legend:
 A = Non-vault XP
 B = Vault XP
 C = Vault XP percentage of total XP
 D = Non-vault monster count
 E = Vault monster count
 F = Vault count percentage of total count
                 A         B        C        D         E       F
            +---------+---------+-------+---------+---------+-------
      Total |    2430 |     336 |  12.1 |     114 |       4 |   3.4
            +---------+---------+-------+---------+---------+-------
        D:1 |      35 |       0 |   0.0 |      23 |       0 |   0.0
        D:2 |      49 |       0 |   0.0 |      14 |       0 |   0.0
        D:3 |     142 |      33 |  18.9 |      25 |       1 |   3.8
        D:4 |     491 |       0 |   0.0 |      19 |       0 |   0.0
        D:5 |     319 |     166 |  34.2 |       8 |       1 |  11.1
        D:6 |     968 |     137 |  12.4 |      17 |       2 |  10.5
        D:7 |     426 |       0 |   0.0 |       8 |       0 |   0.0
            +---------+---------+-------+---------+---------+-------

Illustrated notes

Table legend:
 A = Kills in this place as a percentage of kills in entire the game.
 B = Kills by you in this place as a percentage of kills by you in the entire game.
 C = Kills by friends in this place as a percentage of kills by friends in the entire game.
 D = Other kills in this place as a percentage of other kills in the entire game.
 E = Experience gained in this place as a percentage of experience gained in the entire game.
 F = Experience gained in this place divided by the number of levels of this place that you have seen.
                   A       B       C       D       E      F
               +-------+-------+-------+-------+-------+----------------------
         Total | 100.0 | 100.0 |   N/A |   N/A | 100.0 | 276.6
       Dungeon | 100.0 | 100.0 |   N/A |   N/A | 100.0 | 395.1
               +-------+-------+-------+-------+-------+----------------------

Table legend: (Time is in decaauts)
 A = Elapsed time spent in this place.
 B = Non-inter-level travel time spent in this place.
 C = Inter-level travel time spent in this place.
 D = Time resting spent in this place.
 E = Time spent auto-exploring this place.
 F = Levels seen in this place.
 G = Mean time per level.
                   A        B        C        D        E       F      G
               +--------+--------+--------+--------+--------+-----+--------+
         Total |   9247 |   8990 |    257 |   1521 |   6093 |  10 |  924.7 |
       Dungeon |   9112 |   8855 |    257 |   1521 |   6086 |   7 | 1301.7 |
         Abyss |    135 |    135 |      0 |      0 |      7 |   3 |   45.0 |
               +--------+--------+--------+--------+--------+-----+--------+

Top non-repeatable levels by time:
     D:6: 2000 daAuts
     D:4: 1887 daAuts
     D:3: 1824 daAuts
     D:5: 1289 daAuts
     D:1: 1046 daAuts
     D:7: 666 daAuts
     D:2: 397 daAuts
 Abyss:3: 89 daAuts
 Abyss:2: 36 daAuts
 Abyss:1: 9 daAuts
